TOP OF THE 1ST |
Atlanta Braves batting - Pitching for Cincinnati Reds : RHP Danny Salazar
|
Pitching: RHP Danny Salazar
|
|
Batting: LHB Mallex Smith
|
0-0: Ball 1-0: Called Strike 1-1: Ball 2-1: Swinging Strike 2-2: Fly out, F8 (Flyball, 8RD)
|
Batting: RHB Domingo Santana
|
0-0: Ground out 5-3 (Groundball, 56S)
|
Batting: RHB Miguel Sano
|
0-0: Called Strike 0-1: Fly out, F6 (Popup, 6)
|
Top of the 1st over - 0 runs, 0 hits, 0 errors, 0 left on base; Atlanta 0 - Cincinnati 0 |
BOTTOM OF THE 1ST |
Cincinnati Reds batting - Pitching for Atlanta Braves : RHP Taijuan Walker
|
Pitching: RHP Taijuan Walker
|
|
Batting: RHB Trea Turner
|
0-0: Called Strike 0-1: Ball 1-1: Called Strike 1-2: Ball 2-2: SINGLE (Line Drive, 7S)
|
Batting: RHB Rajai Davis
|
0-0: Ball 1-0: Foul Ball, location: 2F 1-1: Called Strike 1-2: Ball 2-2: Fly out, F7 (Flyball, 7D)
|
Batting: LHB Robinson Cano
|
0-0: Ball 1-0: Called Strike 1-1: Ball Wild Pitch! Trea Turner to second 2-1: Called Strike 2-2: Ball 3-2: Ground out 6-3 (Groundball, 56)
|
Batting: RHB Edwin Encarnacion
|
0-0: Called Strike 0-1: Ball 1-1: Foul Ball, location: 2F 1-2: Strikes out swinging
|
Bottom of the 1st over - 0 runs, 1 hit, 0 errors, 1 left on base; Atlanta 0 - Cincinnati 0 |
TOP OF THE 2ND |
Atlanta Braves batting - Pitching for Cincinnati Reds : RHP Danny Salazar
|
Batting: LHB Greg Bird
|
0-0: SINGLE (Line Drive, 7S)
|
Batting: RHB Hunter Renfroe
|
0-0: Ball 1-0: Ball 2-0: Ball 3-0: Base on Balls Greg Bird to second
|
Batting: RHB Jose Iglesias
|
0-0: Foul Ball, location: 2F 0-1: Fly out, F9 (Flyball, 9S)
|
Batting: SHB Leury Garcia
|
0-0: Called Strike 0-1: Ball 1-1: Fly out, F7 (Line Drive, 7D) Runner from 2nd tags up, SAFE at 3rd, no throw
|
Batting: RHB Jorge Alfaro
|
0-0: Ball 1-0: Ball 2-0: Ground out 1-3 (Groundball, 13)
|
Top of the 2nd over - 0 runs, 1 hit, 0 errors, 2 left on base; Atlanta 0 - Cincinnati 0 |
BOTTOM OF THE 2ND |
Cincinnati Reds batting - Pitching for Atlanta Braves : RHP Taijuan Walker
|
Batting: LHB Joey Gallo
|
0-0: Swinging Strike 0-1: Ball 1-1: Swinging Strike 1-2: Ball 2-2: Ball 3-2: Base on Balls
|
Batting: LHB Scooter Gennett
|
0-0: Ball 1-0: Called Strike 1-1: Swinging Strike 1-2: Ball 2-2: Strikes out swinging
|
Batting: RHB Adam Duvall
|
0-0: Ball 1-0: Called Strike 1-1: Grounds into double play, 6-4-3 (Groundball, 6)
|
Bottom of the 2nd over - 0 runs, 0 hits, 0 errors, 0 left on base; Atlanta 0 - Cincinnati 0 |
TOP OF THE 3RD |
Atlanta Braves batting - Pitching for Cincinnati Reds : RHP Danny Salazar
|
Batting: RHB Taijuan Walker
|
0-0: Ground out 5-3 (Groundball, 56S)
|
Batting: LHB Mallex Smith
|
0-0: Ball 1-0: Ball 2-0: Foul Ball, location: 2F 2-1: Swinging Strike 2-2: Foul Ball, location: 2F 2-2: Foul Ball, location: 2F 2-2: Ball 3-2: Foul Ball, location: 2F 3-2: Foul Ball, location: 2F 3-2: SINGLE (Groundball, 3L)
|
Batting: RHB Domingo Santana
|
0-0: Ball 1-0: Fly out, F6 (Flyball, 6MD)
|
Batting: RHB Miguel Sano
|
0-0: Ball 1-0: Foul Ball, location: 2F 1-1: Ball 2-1: Ball 3-1: Foul Ball, location: 2F 3-2: Ground out 5-3 (Groundball, 56)
|
Top of the 3rd over - 0 runs, 1 hit, 0 errors, 1 left on base; Atlanta 0 - Cincinnati 0 |
BOTTOM OF THE 3RD |
Cincinnati Reds batting - Pitching for Atlanta Braves : RHP Taijuan Walker
|
Batting: RHB Devin Mesoraco
|
0-0: Called Strike 0-1: Ball 1-1: Single, Error in OF, E8, batter to second base (Groundball, 6MD)
|
Batting: RHB Danny Salazar
|
0-0: Sac Bunt - play at third, runner OUT! 1-6
|
Batting: RHB Trea Turner
|
0-0: Called Strike 0-1: SINGLE (Line Drive, 9S) Danny Salazar to second
|
Batting: RHB Rajai Davis
|
0-0: Ball 1-0: Foul Ball, location: 2F 1-1: Ball 2-1: Swinging Strike 2-2: Ball 3-2: Foul Ball, location: 2F 3-2: Strikes out swinging
|
Batting: LHB Robinson Cano
|
0-0: Ball 1-0: Ball 2-0: Ball 3-0: Called Strike 3-1: SINGLE (Groundball, 6D) Danny Salazar to third Trea Turner to second Runner from 3rd tries for Home, SAFE, throw made home
|
Batting: RHB Edwin Encarnacion
|
0-0: Called Strike 0-1: Ball 1-1: Swinging Strike 1-2: Strikes out swinging
|
Bottom of the 3rd over - 1 run, 3 hits, 1 error, 2 left on base; Atlanta 0 - Cincinnati 1 |
TOP OF THE 4TH |
Atlanta Braves batting - Pitching for Cincinnati Reds : RHP Danny Salazar
|
Batting: LHB Greg Bird
|
0-0: Ball 1-0: Called Strike Error on foul ball, E2 1-2: Ball 2-2: Foul Ball, location: 2F 2-2: Fly out, F8 (Flyball, 8LD)
|
Batting: RHB Hunter Renfroe
|
0-0: Ball 1-0: Foul Ball, location: 2F 1-1: Foul Ball, location: 2F 1-2: Ball 2-2: Strikes out swinging
|
Batting: RHB Jose Iglesias
|
0-0: Swinging Strike 0-1: Ball 1-1: Foul Ball, location: 2F 1-2: Ball 2-2: Fly out, F8 (Line Drive, 8RM)
|
Top of the 4th over - 0 runs, 0 hits, 1 error, 0 left on base; Atlanta 0 - Cincinnati 1 |
BOTTOM OF THE 4TH |
Cincinnati Reds batting - Pitching for Atlanta Braves : RHP Taijuan Walker
|
Batting: LHB Joey Gallo
|
0-0: Called Strike 0-1: Foul Ball, location: 2F 0-2: Strikes out looking
|
Batting: LHB Scooter Gennett
|
0-0: Ball 1-0: Ball 2-0: Foul Ball, location: 2F 2-1: Foul Ball, location: 2F 2-2: Fly out, F7 (Line Drive, 7)
|
Batting: RHB Adam Duvall
|
0-0: Ball 1-0: Called Strike 1-1: Foul Ball, location: 2F 1-2: Ball 2-2: Ball 3-2: Fly out, F8 (Flyball, 8LM)
|
Bottom of the 4th over - 0 runs, 0 hits, 0 errors, 0 left on base; Atlanta 0 - Cincinnati 1 |
TOP OF THE 5TH |
Atlanta Braves batting - Pitching for Cincinnati Reds : RHP Danny Salazar
|
Batting: SHB Leury Garcia
|
0-0: Swinging Strike 0-1: Called Strike 0-2: Ball 1-2: Strikes out swinging
|
Batting: RHB Jorge Alfaro
|
0-0: Ball 1-0: Foul Ball, location: 2F 1-1: Ball 2-1: Ball 3-1: Called Strike 3-2: DOUBLE (Line Drive, 9LM)
|
Batting: RHB Taijuan Walker
|
0-0: Ball 1-0: Ground out 6-3 (Groundball, 56)
|
Batting: LHB Mallex Smith
|
0-0: Ball 1-0: Foul Ball, location: 2F 1-1: Ball 2-1: Fly out, F3 (Line Drive, 3)
|
Top of the 5th over - 0 runs, 1 hit, 0 errors, 1 left on base; Atlanta 0 - Cincinnati 1 |
BOTTOM OF THE 5TH |
Cincinnati Reds batting - Pitching for Atlanta Braves : RHP Taijuan Walker
|
Batting: RHB Devin Mesoraco
|
0-0: Ball 1-0: Foul Ball, location: 2F 1-1: Foul Ball, location: 2F 1-2: Fly out, F8 (Line Drive, 8LD)
|
Batting: RHB Danny Salazar
|
0-0: Called Strike 0-1: Foul Ball, location: 2F 0-2: Strikes out looking
|
Batting: RHB Trea Turner
|
0-0: Foul Ball, location: 2F 0-1: Foul Ball, location: 2F 0-2: SINGLE (Groundball, 56) (infield hit)
|
Batting: RHB Rajai Davis
|
0-0: Ball Trea Turner steals 2nd base 1-0: Fly out, F5 (Popup, 56S)
|
Bottom of the 5th over - 0 runs, 1 hit, 0 errors, 1 left on base; Atlanta 0 - Cincinnati 1 |
TOP OF THE 6TH |
Atlanta Braves batting - Pitching for Cincinnati Reds : RHP Danny Salazar
|
Batting: RHB Domingo Santana
|
0-0: Ball 1-0: Ball 2-0: DOUBLE (Line Drive, 89M)
|
Batting: RHB Miguel Sano
|
0-0: Ball 1-0: Called Strike 1-1: Ball 2-1: Called Strike 2-2: Foul Ball, location: 2F 2-2: Ball 3-2: Strikes out swinging
|
Batting: LHB Greg Bird
|
0-0: Ball 1-0: Called Strike 1-1: Called Strike 1-2: Ball 2-2: Ball 3-2: Ground out 1-3 (Groundball, 13) Domingo Santana to third
|
Batting: RHB Hunter Renfroe
|
0-0: Ball 1-0: Swinging Strike 1-1: Ball 2-1: Foul Ball, location: 2F 2-2: Foul Ball, location: 2F 2-2: Ground out 5-3 (Groundball, 5)
|
Top of the 6th over - 0 runs, 1 hit, 0 errors, 1 left on base; Atlanta 0 - Cincinnati 1 |
BOTTOM OF THE 6TH |
Cincinnati Reds batting - Pitching for Atlanta Braves : RHP Taijuan Walker
|
Batting: LHB Robinson Cano
|
0-0: Ball 1-0: Foul Ball, location: 2F 1-1: Swinging Strike 1-2: Strikes out swinging
|
Batting: RHB Edwin Encarnacion
|
0-0: Called Strike 0-1: Foul Ball, location: 2F 0-2: Ball 1-2: Ball 2-2: Fly out, F7 (Flyball, 7S)
|
Batting: LHB Joey Gallo
|
0-0: Ball 1-0: Ball 2-0: SOLO HOME RUN (Flyball, 9LD), Distance : 369 ft
|
Batting: LHB Scooter Gennett
|
0-0: Called Strike 0-1: Ball 1-1: SINGLE (Flyball, 78S)
|
Pitching: RHP Peter Moylan
|
|
Batting: RHB Adam Duvall
|
0-0: Called Strike 0-1: Ball 1-1: Called Strike 1-2: Ball 2-2: Strikes out swinging
|
Bottom of the 6th over - 1 run, 2 hits, 0 errors, 1 left on base; Atlanta 0 - Cincinnati 2 |
TOP OF THE 7TH |
Atlanta Braves batting - Pitching for Cincinnati Reds : RHP Danny Salazar
|
Batting: RHB Jose Iglesias
|
0-0: Foul Ball, location: 2F 0-1: Swinging Strike 0-2: SINGLE (Line Drive, 4MD)
|
Pitching: RHP Tyler Duffey
|
|
Batting: SHB Leury Garcia
|
0-0: Ground out 6-3 (Groundball, 56D) Jose Iglesias to second
|
Batting: RHB Jorge Alfaro
|
0-0: Called Strike 0-1: Fly out, F5 (Popup, 5S)
|
Pinch Hitting: RHB Pat Valaika
|
0-0: Called Strike 0-1: DOUBLE (Line Drive, 9LM) Jose Iglesias scores
|
Batting: LHB Mallex Smith
|
0-0: Ball 1-0: Ball 2-0: Ball 3-0: Base on Balls
|
Batting: RHB Domingo Santana
|
0-0: Ball 1-0: Ball 2-0: Called Strike 2-1: Called Strike 2-2: Ball 3-2: Foul Ball, location: 2F 3-2: Foul Ball, location: 2F 3-2: Strikes out looking
|
Top of the 7th over - 1 run, 2 hits, 0 errors, 2 left on base; Atlanta 1 - Cincinnati 2 |
BOTTOM OF THE 7TH |
Cincinnati Reds batting - Pitching for Atlanta Braves : RHP Peter Moylan
|
Pitching: RHP James Shields
|
|
Batting: RHB Devin Mesoraco
|
0-0: Called Strike 0-1: Fly out, F4 (Popup, 4M)
|
Pinch Hitting: LHB Colby Rasmus
|
0-0: Ground out 4-3 (Groundball, 4)
|
Batting: RHB Trea Turner
|
0-0: Fly out, F9 (Line Drive, 9D)
|
Bottom of the 7th over - 0 runs, 0 hits, 0 errors, 0 left on base; Atlanta 1 - Cincinnati 2 |
TOP OF THE 8TH |
Atlanta Braves batting - Pitching for Cincinnati Reds : RHP Tyler Duffey
|
Pitching: LHP Felipe Rivero
|
|
Batting: RHB Miguel Sano
|
0-0: Foul Ball, location: 2F 0-1: Ball 1-1: SINGLE (Groundball, 56D)
|
Batting: LHB Greg Bird
|
0-0: Ball 1-0: Ball 2-0: Fly out, F7 (Flyball, 78D)
|
Batting: RHB Hunter Renfroe
|
0-0: Fielders Choice at 2nd, 1-6 (Groundball, 13S)
|
Batting: RHB Jose Iglesias
|
0-0: Ball 1-0: Foul Ball, location: 2F 1-1: Called Strike 1-2: Ball 2-2: Fly out, F3 (Popup, 3SF)
|
Top of the 8th over - 0 runs, 1 hit, 0 errors, 1 left on base; Atlanta 1 - Cincinnati 2 |
BOTTOM OF THE 8TH |
Cincinnati Reds batting - Pitching for Atlanta Braves : RHP James Shields
|
Batting: RHB Rajai Davis
|
0-0: Ball 1-0: DOUBLE (Groundball, 5L)
|
Batting: LHB Robinson Cano
|
0-0: SINGLE (Line Drive, 34D) Rajai Davis to third Runner from 3rd tries for Home, SAFE, throw made home Robinson Cano to second
|
Batting: RHB Edwin Encarnacion
|
0-0: Ball 1-0: Ball 2-0: Called Strike 2-1: Foul Ball, location: 2F 2-2: Ball Wild Pitch! Robinson Cano to third 3-2: Base on Balls
|
Batting: LHB Joey Gallo
|
0-0: Called Strike 0-1: Foul Ball, location: 2F 0-2: Strikes out swinging
|
Batting: LHB Scooter Gennett
|
0-0: Ground out U3 (Groundball, 3S) Edwin Encarnacion to second
|
Batting: RHB Adam Duvall
|
0-0: Called Strike 0-1: Foul Ball, location: 2F 0-2: Ball 1-2: Ball 2-2: Ball 3-2: Strikes out looking
|
Bottom of the 8th over - 1 run, 2 hits, 0 errors, 2 left on base; Atlanta 1 - Cincinnati 3 |
TOP OF THE 9TH |
Atlanta Braves batting - Pitching for Cincinnati Reds : LHP Felipe Rivero
|
Pitching: RHP Ken Giles
|
|
Now at 1B: Luis Jimenez
|
|
Now at 2B: Allen Cordoba
|
|
Now in LF: Jarrod Dyson
|
|
Batting: SHB Leury Garcia
|
0-0: Ball 1-0: Foul Ball, location: 2F 1-1: Swinging Strike 1-2: Ball 2-2: Strikes out swinging
|
Batting: RHB Jorge Alfaro
|
0-0: Called Strike 0-1: Foul Ball, location: 2F 0-2: Strikes out looking
|
Pinch Hitting: RHB Kurt Suzuki
|
0-0: Called Strike 0-1: Swinging Strike 0-2: Foul Ball, location: 2F 0-2: Ball 1-2: Strikes out swinging
|
Top of the 9th over - 0 runs, 0 hits, 0 errors, 0 left on base; Atlanta 1 - Cincinnati 3 |
|